 Dungeon Crawl Stone Soup version 0.18-a0-1354-gbc5753f (webtiles) character file.

51 gorblad the Vexing (level 3, -3/27 HPs)
             Began as a Draconian Enchanter on Feb 20, 2016.
             Slain by a worm (5 damage)
             ... on level 2 of the Dungeon.
             The game lasted 00:03:42 (1422 turns).

gorblad the Vexing (Draconian Enchanter)            Turns: 1422, Time: 00:03:42

Health: -3/27      AC:  5    Str: 10    XL:     3   Next: 58%
Magic:  6/6        EV:  9    Int: 16    God:
Gold:   74         SH:  6    Dex: 11    Spells: 1 memorised, 5 levels left

rFire  . . .     SeeInvis .     a - +3 dagger
rCold  . . .     Gourm    .     (armour unavailable)
rNeg   . . .     Faith    .     n - +0 shield
rPois  .         Spirit   .     (helmet restricted)
rElec  .         Dismiss  .     (no cloak)
rCorr  .         Reflect  .     (no gloves)
SustAt .         Harm     .     (no boots)
MR     .....                    (no amulet)
Stlth  ++........               (no ring)
                                (no ring)

@: not resistant to hostile enchantments, unstealthy
A: unfitting armour, cold-blooded, AC +5
a: no special abilities


You were on level 2 of the Dungeon.
You were not hungry.

You visited 1 branch of the dungeon, and saw 2 of its levels.

You collected 74 gold pieces.

Inventory:

Hand Weapons
 a - a +3 dagger (weapon)
Armour
 n - a +0 shield (worn)
Jewellery
 l - an uncursed ring of protection from magic
Scrolls
 h - 2 scrolls of remove curse
 i - a scroll of identify
Potions
 e - a potion of lignification
 f - a potion of ambrosia {unknown}
 j - 2 potions of mutation
Books
 b - a book of Maledictions

   Spells                             Type                      Level
   a - Corona                         Hexes                        1
   b - Ensorcelled Hibernation        Hexes/Ice                    2
   c - Confuse                        Hexes                        3
   d - Tukima's Dance                 Hexes                        3
   e - Dazzling Spray                 Conjuration/Hexes            3
Comestibles
 c - 2 bread rations
 d - 6 chunks of flesh
 g - 2 meat rations
 m - a slice of pizza


   Skills:
 + Level 0.7 Fighting
 + Level 1.0 Short Blades
 + Level 2.5 Dodging
 + Level 3.1 Stealth
 + Level 0.2 Shields
 + Level 2.2 Spellcasting
 + Level 3.1 Hexes


You had 5 spell levels left.
You knew the following spells:

 Your Spells              Type           Power        Failure   Level  Hunger
a - Corona                Hex            ##.....      38%         1    #......


Dungeon Overview and Level Annotations

Branches:
Dungeon (2/15)

Altars:
Trog


Innate Abilities, Weirdness & Mutations

Your plain brown scales are hard (AC +5).
Your body does not fit into most forms of armour.
You are cold-blooded and may be slowed by cold attacks.


Message History

You are too injured to fight recklessly!
You are too injured to fight recklessly!
You are too injured to fight recklessly!
You are too injured to fight recklessly!
You are too injured to fight recklessly!
You are too injured to fight recklessly!
You are too injured to fight recklessly!
You are too injured to fight recklessly!
You are too injured to fight recklessly!
You are too injured to fight recklessly!
You are too injured to fight recklessly!
You are too injured to fight recklessly!
You hit the worm.
You tail-slap the worm, but do no damage.
The worm is moderately wounded.
The bat hits you but does no damage.
You hit the worm but do no damage.
The worm is moderately wounded.
The bat barely misses you. The worm bites you.
You die...

#....._.....# #........#.#
#.#.......#.###..#b#.#...#
#(##.....##...#....#.....#
#(###...##................
#.####.##....##....#)#....
#.)..............##..##...
####......................
#......†..#.......##†..
##....w@.b.........##...
#..........##.#....#####
.............##..>...# #
.##........!.##.#....# # #
...########## # #... . ##.
.


You could see a worm and a bat.

Vanquished Creatures
  3 worms (D:2)
  3 giant geckos
  10 bats
  2 giant cockroaches (D:1)
  3 hobgoblins
  2 jackals (D:1)
  A quokka (D:2)
  3 giant newts
  4 goblins
  4 kobolds
  4 rats
39 creatures vanquished.

Notes
Turn   | Place    | Note
--------------------------------------------------------------
     0 | D:1      | gorblad the Draconian Enchanter began the quest for the Orb.
     0 | D:1      | Reached XP level 1. HP: 14/14 MP: 3/3
   237 | D:1      | Reached XP level 2. HP: 20/20 MP: 5/5
   304 | D:1      | Reached skill level 3 in Hexes
   795 | D:2      | Reached XP level 3. HP: 13/26 MP: 6/6
  1191 | D:2      | Found a bloodstained altar of Trog.
  1422 | D:2      | Slain by a worm

Vault maps used:
D:1:      saegor_arrival_simple_a, minivault_25
D:2:      lemuel_round_altar, first_bread

Action                   || total
-------------------------++-------
Melee: Dagger            ||   134
  Use: Scroll            ||     9
 Stab: Sleeping          ||     4
  Eat: Chunk             ||     2
